 Dungeon Crawl Stone Soup version 0.18-a0-1685-g4482fe3 (webtiles) character file.

231 HeWhoDoesNotSavescum the Insei (level 6, 32/32 HPs)
             Began as a Vine Stalker Monk on Apr 4, 2016.
             Quit the game on level 4 of the Dungeon.
             The game lasted 00:05:43 (2732 turns).

HeWhoDoesNotSavescum the Insei (Vine Stalker Monk)  Turns: 2732, Time: 00:05:44

Health: 32/32      AC:  6    Str: 14    XL:     6   Next: 3%
Magic:  7/7        EV: 12    Int: 10    God:
Gold:   119        SH:  0    Dex: 18    Spells: 0 memorised, 5 levels left

rFire  . . .     SeeInvis .       - Unarmed
rCold  + . .     Gourm    .     l - +1 ring mail
rNeg   + . .     Faith    +     (no shield)
rPois  .         Spirit   +     (no helmet)
rElec  .         Dismiss  .     (no cloak)
rCorr  .         Reflect  .     (no gloves)
SustAt .         Harm     .     (no boots)
MR     .....                    n - amulet of faith {!P}
Stlth  ++........               f - ring of positive energy
                                o - ring of protection from cold

@: not resistant to hostile enchantments, unstealthy
A: fangs 2, regeneration 2, magic shield, antimagic bite, no device heal 3, rot
immunity
a: no special abilities


You were on level 4 of the Dungeon.
You were not hungry.

You visited 1 branch of the dungeon, and saw 4 of its levels.

You collected 119 gold pieces.


Innate Abilities, Weirdness & Mutations

You have extremely sharp teeth.
You heal very quickly.
When hurt, damage is shared between your health and your magic reserves.
Your bite disrupts and absorbs the magic of your enemies.
Potions and wands cannot restore your health.
You are immune to rotting.


   Skills:
 - Level 2.6 Fighting
 - Level 2.4 Dodging
 - Level 2.4 Stealth
 + Level 7.1 Unarmed Combat


You had 5 spell levels left.
You didn't know any spells.

Inventory:

Missiles
 p - 4 curare-tipped needles {=f}
Armour
 l - a +1 ring mail (worn)
Jewellery
 a - an uncursed ring of wizardry
 f - a ring of positive energy (right hand)
 n - an amulet of faith (around neck) {!P}
 o - a ring of protection from cold (left hand)
Scrolls
 d - a scroll of remove curse
 e - a scroll of blinking {unknown}
 s - a scroll of identify {@r1}
Potions
 c - 2 potions of lignification {!q}
 g - a potion of heal wounds {unknown}
 h - a potion of resistance {unknown}
 i - a potion of magic {unknown}
 j - a potion of curing {@q1}
 m - a potion of beneficial mutation {unknown}
 q - a potion of degeneration {unknown}
Books
 r - a Grand Grimoire

   Spells                             Type                      Level
   a - Monstrous Menagerie            Summoning                    7
   b - Summon Greater Demon           Summoning                    7
   c - Malign Gateway                 Summoning/Translocation      7
   d - Summon Horrible Things         Summoning                    8
Comestibles
 b - 5 bread rations
 k - 3 meat rations

Dungeon Overview and Level Annotations

Branches:
Dungeon (4/15)
 Temple: D:4-7

Altars:

Portals:
Ossuary: D:4

Annotations:
D:3 Grinder

. ▒.▒▒. ▒... ▒▒
▒... ..▒▒ . ▒...
▒▒▒ ▒...▒.▒▒ ▒..▒
▒.. ........ ./▒
▒.▒ ▒...▒... ▒r▒
▒.▒ ▒...▒▒..
▒f▒▒▒▒.▒▒▒▒....▒..
▒......▒..........
▒.▒▒▒▒.▒.▒▒.......
▒.▒ ▒.........▒▒..
▒.▒ ▒.▒▒▒▒▒▒..▒▒..
▒.▒▒▒.▒....▒..▒▒..
......▒..▒▒▒..▒▒..
▒.....▒∩......▒▒..
▒.▒...▒..▒▒▒...▒.▒


You could see a quokka.


Message History

You pulverise the rat zombie!
You bite the rat zombie! You drain its power! The rat zombie barely misses you!
You pound the rat zombie into fine dust!!!
You destroy the rat zombie!!!
No target in view!!!
No target in view!!!
No target in view!!!
No target in view!!!
No target in view!!!
No target in view!!!
p - 4 curare-tipped needles {=f} (gained 2)
A goblin zombie comes into view!
A goblin zombie is nearby!!!
A goblin zombie is nearby!!!
The goblin zombie hits you!
You squash the goblin zombie like an ant!!!
You destroy the goblin zombie!!!
No target in view!!!
No target in view!!!
No target in view!!!
Found a scroll of identify!
You hear the slow hiss of an avalanche of sand!
s - a scroll of identify {@r1} A quokka comes into view!
Found a wooden wand!
A quokka is nearby!!!
Are you sure you want to abandon this character and quit the game? (Confirm with "yes"!)
Okay, then!
Enter note: my work here is done Are you sure you want to abandon this character and quit the game? (Confirm with "yes"!)

Action                   |  1- 3 |  4- 6 || total
-------------------------+-------+-------++-------
Melee: Unarmed           |    98 |    73 ||   171
  Use: Scroll            |     5 |       ||     5
 Stab: Sleeping          |    14 |     3 ||    17
  Eat: Chunk             |     2 |     1 ||     3
       Meat ration       |       |     1 ||     1

Vault maps used:
D:1:      eino_arrival_cavern_d
D:2:      nicolae_overflow_hidden_temple
D:3:      grunt_ministairs_7, uniq_grinder, uniq_natasha
D:4:      first_bread, enter_ossuary_4

Notes
Turn   | Place    | Note
--------------------------------------------------------------
     0 | D:1      | HeWhoDoesNotSavescum the Vine Stalker Monk began the quest for the Orb.
     0 | D:1      | Reached XP level 1. HP: 11/11 MP: 2/2
   226 | D:1      | Reached XP level 2. HP: 16/16 MP: 3/3
   941 | D:2      | Reached XP level 3. HP: 10/19 MP: 4/4
  1015 | D:2      | Reached skill level 5 in Unarmed Combat
  1526 | D:2      | Reached XP level 4. HP: 13/23 MP: 3/5
  1991 | D:3      | Noticed Grinder
  2022 | D:3      | Noticed Natasha
  2035 | D:3      | Killed Natasha
  2035 | D:3      | Reached skill level 6 in Unarmed Combat
  2035 | D:3      | Reached XP level 5. HP: 20/27 MP: 4/6
  2182 | D:3      | Noticed Natasha
  2189 | D:3      | Killed Natasha
  2382 | D:3      | Noticed Natasha
  2390 | D:3      | Killed Natasha
  2554 | D:4      | Reached skill level 7 in Unarmed Combat
  2631 | D:4      | Gained mutation: You heal very quickly. [Vine Stalker growth]
  2631 | D:4      | Reached XP level 6. HP: 30/32 MP: 7/7
  2696 | D:4      | Found a sand-covered staircase.
  2732 | D:4      | my work here is done
  2732 | D:4      | Quit the game

Vanquished Creatures
  Natasha (thrice) (D:3)
  2 worker ants
  4 adders
  An ooze (D:2)
  A dart slug (D:2)
  A giant gecko (D:1)
  5 orcs
  4 ball pythons
  2 giant cockroaches
  10 goblins
  6 hobgoblins
  4 jackals (D:2)
  6 kobolds
  A quokka (D:2)
  6 bats
  A giant newt (D:1)
  A goblin zombie (D:4)
  8 rats
  A rat zombie (D:4)
67 creatures vanquished.
